 Dungeon Crawl Stone Soup version 0.20-a0-1078-g4874019 (webtiles) character file.

91 Deemzul the Slasher (level 4, 0/31 HPs)
             Began as an Octopode Berserker on Apr 30, 2017.
             Was a Believer of Trog.
             Killed from afar by Natasha (7 damage)
             ... with a magic dart
             ... on level 2 of the Dungeon.
             The game lasted 00:01:24 (998 turns).

Deemzul the Slasher (Octopode Berserker)             Turns: 998, Time: 00:01:25

Health: 0/31       AC:  1    Str: 16    XL:     4   Next: 57%
Magic:  4/4        EV: 14    Int: 14    God:    Trog [**....]
Gold:   87         SH:  0    Dex: 12    Spells: 3/3 levels left

rFire    + . .     SeeInvis .   a - +0 falchion
rCold    + . .     Gourm    .   (no shield)
rNeg     . . .     Faith    .   (helmet restricted)
rPois    +         Spirit   .   (no amulet)
rElec    +         Reflect  .   (no ring)
rCorr    +         Harm     .   (no ring)
MR       ++...                  (no ring)
Stlth    +++.......             (no ring)
Regen    1.1/turn               (no ring)
MPRegen  0.1/turn               (no ring)
                                (no ring)
                                (no ring)

@: brilliant, resistant, regenerating
A: almost no armour, stealthy swim, amphibious, 8 rings, constrict 8, camouflage
1, gelatinous body 1
a: Berserk, Trog's Hand, Burn Spellbooks, Renounce Religion


You were on level 2 of the Dungeon.
You worshipped Trog.
Trog was pleased with you.
You were near starving.

You visited 1 branch of the dungeon, and saw 2 of its levels.

You collected 87 gold pieces.

Inventory:

Hand Weapons
 a - a +0 falchion (weapon)
Jewellery
 e - a cursed amulet of inaccuracy {unknown}
 k - an uncursed ring of stealth {unknown}
Scrolls
 c - 3 scrolls of remove curse {unknown}
 g - a scroll of identify {unknown}
 l - a scroll of teleportation {unknown}
Potions
 d - a potion of cancellation
 i - a potion of berserk rage
 m - a potion of might {unknown}
Comestibles
 b - 2 bread rations
 j - a meat ration


   Skills:
 + Level 3.4 Fighting
 * Level 4.1 Long Blades
 + Level 3.3 Dodging
 + Level 2.7 Stealth


You had 3 spell levels left.
You didn't know any spells.

Dungeon Overview and Level Annotations

Branches:
Dungeon (2/15)

Altars:
Sif Muna

Annotations:
D:2 Natasha


Innate Abilities, Weirdness & Mutations

You cannot wear most types of armour.
You are very stealthy in the water. (Stealth+)
You are amphibious.
You can wear up to eight rings at the same time.
You can use your tentacles to constrict eight enemies at once.
Your skin changes colour to match your surroundings (Stealth+).
Your rubbery body absorbs attacks. (AC +1, EV +1)


Message History

You constrict Robin.
You kill Robin!
Trog accepts your kill.
It was a potion of brilliance.
You feel clever all of a sudden.
Natasha mumbles some strange words.
It was a potion of berserk rage.
You're still recovering from your berserk rage.
You feel the effects of Trog's Hand fading.
Natasha claws you!
* * * LOW HITPOINT WARNING * * *
Items here: ) [[ † a spear; an animal skin; a helmet; the hobgoblin corpse of Robin You barely miss Natasha.
Your grab misses Natasha. Natasha misses you.
You hit Natasha but do no damage. You grab Natasha. You squeeze Natasha.
Natasha is moderately wounded.
You constrict Natasha. Natasha casts a spell at you. The magic dart hits you!
You die...

..# .. ..
##########!#
#..........#
##..........##
.............#
#.....)@5...#
.#####)#h.....#
#.#####.#####...
#.....#)# #
#)..# #...#
######..#
#.(.....#
#.###...# .#


You could see Natasha and a shadow imp.

Vanquished Creatures
  Natasha (D:2)
  Robin (D:2)
  A worm (D:2)
  A dart slug (D:1)
  4 giant cockroaches
  18 goblins
  6 hobgoblins
  4 kobolds (D:1)
  3 bats
  2 frilled lizards
  5 rats
46 creatures vanquished.

Notes
Turn   | Place    | Note
-------+----------+-------------------------------------------
     0 | D:1      | Deemzul the Octopode Berserker began the quest for the Orb.
     0 | D:1      | Reached XP level 1. HP: 16/16 MP: 1/1
   109 | D:1      | Reached skill level 1 in Stealth
   109 | D:1      | Reached XP level 2. HP: 9/21 MP: 2/2
   581 | D:1      | Reached XP level 3. HP: 26/26 MP: 3/3
   758 | D:2      | Reached ** piety under Trog
   791 | D:2      | Found a deep blue altar of Sif Muna.
   852 | D:2      | Noticed Natasha
   859 | D:2      | Killed Natasha
   859 | D:2      | Reached XP level 4. HP: 29/31 MP: 4/4
   968 | D:2      | Noticed Robin
   983 | D:2      | Reached skill level 4 in Long Blades
   987 | D:2      | Noticed Natasha
   993 | D:2      | Killed Robin
   998 | D:2      | Killed from afar by Natasha

Vault maps used:
D:1:      moated_graveyard_arrival
D:2:      zin_purify, led_sif_pool, serial_bayou_pond_e, uniq_natasha,
          uniq_robin

Skill      XL: |  1  2  3  4 |
---------------+-------------+-----
Stealth        | 1 2 |  2.7
Long Blades    | 4 |  4.1
Fighting       | |  3.4
Dodging        | |  3.3

Action                   |  1- 3 |  4- 6 || total
-------------------------+-------+-------++-------
Melee: Falchion          |    53 |    25 ||    78
       Constrict         |    17 |     9 ||    26
       Tentacles         |    10 |     7 ||    17
Invok: Berserk           |       |     1 ||     1
       Trog's Hand       |       |     1 ||     1
  Use: Potion            |       |     4 ||     4
 Stab: Sleeping          |     5 |     2 ||     7
Armor: Skin              |     1 |     5 ||     6
Dodge: Dodged            |    33 |    26 ||    59
       Rpst.: Falchion   |    10 |     2 ||    12
